cohdb
Replays
Latest Replays
All Replays
Popular Replays
Top Player Replays
Match Explorer
How It Works
Community
CoH3 Stats
Reddit
Sign in to upload your games and track your stats! →
Sign in with Steam
Match 43730674
Unlisted
Match 43730674
Overview
Messages
Build Orders
End
Royal Engineer Section
Construct Section Command Post
Dingo Light Scout Car
Selects Canadian Shock Battlegroup
Royal Engineer Section
Infantry Section
Construct Platoon Command Post
Selects Offensive Resupply
Selects Canadian Shock Section
Canadian Shock Section
Construct Field Infirmary
Selects Incendiary Munitions
Construct Company Command Post
Infantry Training
Grenade Package
Selects Pyrotechnics
Crusader II Medium Tank
Selects Demolition Engineering
Demolition Engineering
Weebanori
波菜
💀Punisher💀
Mastermarius
Wendyn
MZMZ
apple
jerjawe
0
0
Comments
sign in to comment!
No comments posted yet!